 Dungeon Crawl Stone Soup version 0.29-a0-330-g52719c12eb (webtiles) character file.

Game seed: 16010664873715962441

751 kae the Firebug (level 7, -4/56 HPs)
             Began as a Demigod Fire Elementalist on May 31, 2022.
             Succumbed to a killer bee's poison
             ... on level 6 of the Dungeon.
             The game lasted 00:04:02 (5838 turns).

kae the Firebug (Demigod Fire Elementalist)         Turns: 5838, Time: 00:04:03

Health: -4/56      AC:  3    Str:  9    XL:     7   Next: 24%
Magic:  14/15      EV: 12    Int: 25    God:
Gold:   227        SH:  0    Dex: 14    Spells: 6/12 levels left

rFire   . . .      SeeInvis .   i - +2 dagger (protect)
rCold   . . .      Faith    .   (no shield)
rNeg    . . .      Spirit   .   a - +1 robe
rPois   .          Reflect  .   (no helmet)
rElec   .          Harm     .   (no cloak)
rCorr   .          Rampage  .   (no gloves)
Will    .....                   (no boots)
Stlth   ++........              n - amulet of magic regeneration
HPRegen 0.18/turn               (no ring)
MPRegen 0.54/turn               (no ring)

@: lethally poisoned (-4 -> -39)
A: high MP 1, forlorn, divine attributes
a: no special abilities


You were on level 6 of the Dungeon.
You visited 1 branch of the dungeon, and saw 5 of its levels.

You collected 227 gold pieces.

Inventory:

Hand Weapons
 i - a +2 dagger of protection (weapon)
Armour
 a - a +1 robe (worn)
Jewellery
 n - an amulet of magic regeneration (around neck)
 q - an amulet of guardian spirit
Wands
 j - a wand of polymorph (7)
 o - a wand of flame (5)
Scrolls
 d - 2 scrolls of enchant armour
 h - a scroll of holy word
 l - 2 scrolls of amnesia
 m - 3 scrolls of identify
 r - a scroll of teleportation
Potions
 b - a potion of magic
 c - a potion of haste
 e - a potion of flight
 f - 5 potions of curing {unknown}
 g - a potion of brilliance {unknown}
 k - a potion of lignification
 p - a potion of resistance {unknown}
 s - a potion of degeneration {unknown}


   Skills:
 + Level 2.7 Fighting
 - Level 1.7 Dodging
 - Level 1.7 Stealth
 + Level 3.2 Spellcasting
 * Level 4.3 Conjurations
 * Level 5.1 Fire Magic


You had 6 spell levels left.
You knew the following spells:

 Your Spells              Type           Power      Damage    Failure   Level
a - Foxfire               Conj/Fire      100%       2x1d9     1%          1
b - Scorch                Fire           58%        2d7       1%          2
c - Conjure Flame         Conj/Fire      27%        6-21      4%          3

Your spell library contained the following spells:

 Spells                   Type           Power      Damage    Failure   Level
 Animate Skeleton         Necr           8%         N/A       10%         1
 Pain                     Necr           16%        1d4       10%         1
 Summon Small Mammal      Summ           16%        N/A       10%         1
 Inner Flame              Hex/Fire       17%        N/A       11%         3
 Flame Wave               Conj/Fire      27%        2d7       14%         4
 Ensorcelled Hibernation  Hex/Ice        8%         N/A       16%         2
 Passwall                 Tmut/Erth      3%         N/A       16%         2
 Call Canine Familiar     Summ           4%         N/A       30%         3
 Summon Guardian Golem    Hex/Summ       4%         N/A       30%         3
 Swiftness                Air            4%         N/A       30%         3
 Vampiric Draining        Necr           4%         2d6       30%         3


Dungeon Overview and Level Annotations

Branches:
Dungeon (4/15)
 Temple: D:4-7

Annotations:
D:3 exclusion: ogre
D:4 1 exclusion


Innate Abilities, Weirdness & Mutations

You have an increased reservoir of magic. (+10% MP)
You shall have no god before yourself.
Your divine heritage dramatically boosts your attributes as you level up.


Message History

As you read the scroll of teleportation, it crumbles to dust.
You feel strangely unstable.
The killer bee buzzes angrily.
The killer bee stings you. The killer bee closely misses you.
The killer bee stings you!
You are poisoned.
The killer bee poisons you! The killer bee barely misses you.
You barely miss the killer bee.
The killer bee is heavily wounded.
You feel very sick. The killer bee stings you.
You are more poisoned.
The killer bee poisons you! The killer bee barely misses you.
The killer bee stings you!
You are more poisoned.
The killer bee poisons you! The killer bee stings you!
You are more poisoned.
The killer bee poisons you! The killer bee closely misses you.
The killer bee stings you.
Casting: Foxfire (safe; 1% risk of failure)
Confirm with . or Enter, or press ? or * to list all spells.
Flames lash the killer bee.
The killer bee is heavily wounded.
The killer bee's fire resistance burns away.
* * * LOW HITPOINT WARNING * * *
You feel extremely sick.
You hear a shout!
You hear an angry buzzing noise.
The killer bee stings you but does no damage.
The killer bee stings you.
* * * LOW HITPOINT WARNING * * *
You are more poisoned.
The killer bee poisons you! The killer bee closely misses you.
The killer bee barely misses you. The killer bee misses you.
The killer bee barely misses you.
An orc comes into view. It is wielding a +0 short sword.
The killer bee stings you.
* * * LOW HITPOINT WARNING * * *
A killer bee comes into view.
Your surroundings suddenly seem different.
You die...

.##.#
..#.
....
#..#
#..#
#..
#.#
#@#
###


There were no monsters in sight!

Vanquished Creatures
  A black bear (D:6)
  An ogre (D:3)
  A necrophage (D:6)
  2 howler monkeys
  4 hounds
  An orc priest (D:2)
  A gnoll shaman (D:4)
  2 iron imps (D:4)
  An iguana (D:4)
  An orc wizard (D:3)
  4 gnolls (D:4)
  2 adders
  3 worms
  A dart slug (D:1)
  3 orcs
  9 ball pythons
  7 endoplasms
  2 giant cockroaches
  13 goblins
  13 hobgoblins
  2 jackals (D:1)
  7 kobolds
  5 quokkas
  5 bats
  2 frilled lizards
  9 rats
102 creatures vanquished.

Vanquished Creatures (others)
  An orc (D:3)
  A quokka (D:3)
  350 foxfires
352 creatures vanquished.

Grand Total: 454 creatures vanquished

Notes
Turn   | Place    | Note
-------+----------+-------------------------------------------
     0 | D:1      | kae the Demigod Fire Elementalist began the quest for the
                  | Orb.
     0 | D:1      | Reached XP level 1. HP: 14/14 MP: 5/5
   261 | D:1      | Reached skill level 1 in Conjurations
   384 | D:1      | Reached XP level 2. HP: 22/22 MP: 0/7
   535 | D:1      | Reached skill level 3 in Fire Magic
  1115 | D:1      | Reached XP level 3. HP: 27/27 MP: 5/8
  1118 | D:1      | Learned a level 2 spell: Scorch
  1122 | D:1      | Learned a level 3 spell: Conjure Flame
  1975 | D:2      | Reached skill level 1 in Fighting
  2876 | D:2      | Reached XP level 4. HP: 35/35 MP: 7/10
  3943 | D:3      | Noticed an ogre
  4457 | D:3      | Reached XP level 5. HP: 16/40 MP: 5/11
  4458 | D:3      | Reached skill level 4 in Fire Magic
  4649 | D:3      | Killed an ogre
  4765 | D:4      | Reached XP level 6. HP: 41/48 MP: 8/13
  5540 | D:4      | You fall into a shaft and drop 2 floors!
  5566 | D:6      | Reached skill level 5 in Fire Magic
  5566 | D:6      | Reached XP level 7. HP: 38/56 MP: 2/14
  5838 | D:6      | Succumbed to a killer bee's poison

Illustrated notes

Levels and vault maps discovered:
D:1:      lemuel_arrival_behind_the_door_large, layout_loops_ring,
          serial_aquarium, aquarium_bridge_straight [aquarium_subvault_bridge,
          aquarium_subvault_wall, aquarium_subvault_bridge,
          aquarium_subvault_balcony], aquarium_window_1, aquarium_window_fake,
          aquarium_window_fake, aquarium_window_fake, aquarium_view_2e,
          aquarium_view_2c, aquarium_balcony_1b
D:2:      layout_basic, hellmonk_ecumenical_altar_leap_of_faith, serial_rivers,
          chequers_serial_rivers_marsh, chequers_serial_rivers_room_b,
          chequers_serial_rivers_small_3, chequers_serial_rivers_marsh,
          chequers_serial_rivers_large_a, minmay_randomly_rotated_circles
D:3:      cheibrodos_greedy_goblins, layout_basic, elyvilon_altar_4
D:4:      layout_rooms, demons_altar, chequers_serial_rivers_marsh
D:6:      layout_basic

Skill      XL: |  1  2  3  4  5  6 |
---------------+-------------------+-----
Conjurations   | 1 2 3 4 |  4.3
Spellcasting   | 2 3 |  3.2
Fire Magic     | 3 4 5 |  5.1
Fighting       | 1 2 |  2.7
Dodging        | |  1.7
Stealth        | |  1.7

Action                   |  1- 3 |  4- 6 |  7- 9 || total
-------------------------+-------+-------+-------++-------
Melee: Unarmed           |     9 |       |       ||     9
       Dagger            |       |     2 |     1 ||     3
 Cast: Foxfire           |   107 |    91 |     3 ||   201
       Scorch            |     6 |    40 |     3 ||    49
       Conjure Flame     |       |     1 |       ||     1
Evoke: Wand              |       |       |     1 ||     1
  Use: Scroll            |     4 |     9 |     1 ||    14
       Potion            |     1 |     3 |       ||     4
 Stab: Sleeping          |       |     1 |       ||     1
Armor: Robe              |    10 |    12 |     1 ||    23
       Skin              |       |    35 |       ||    35
Dodge: Dodged            |    37 |    72 |    12 ||   121

Table legend: (Time is in decaauts)
 A = Elapsed time spent in this place.
 B = Non-inter-level travel time spent in this place.
 C = Inter-level travel time spent in this place.
 D = Time resting spent in this place.
 E = Time spent auto-exploring this place.
 F = Levels seen in this place.
 G = Mean time per level.
                   A        B        C        D        E       F      G
               +--------+--------+--------+--------+--------+-----+--------+
         Total |   5859 |   5752 |    107 |    623 |   4286 |   5 | 1171.8 |
       Dungeon |   5859 |   5752 |    107 |    623 |   4286 |   5 | 1171.8 |
               +--------+--------+--------+--------+--------+-----+--------+

Top non-repeatable levels by time:
     D:2: 1860 daAuts
     D:1: 1571 daAuts
     D:3: 1470 daAuts
     D:4: 660 daAuts
     D:6: 297 daAuts
